 Dungeon Crawl Stone Soup version 0.21.1-1-g345015fe64 (webtiles) character file.

17276 Lentor the Spear-Bearer (level 12, 0/118 HPs)
             Began as a Minotaur Berserker on June 22, 2018.
             Was a High Priest of Trog.
             Slain by a cyan ugly thing (16 damage)
             ... on level 12 of the Dungeon.
             The game lasted 00:26:55 (12843 turns).

Lentor the Spear-Bearer (Minotaur Berserker)       Turns: 12843, Time: 00:26:55

Health: 0/118      AC: 21    Str: 26    XL:     12   Next: 17%
Magic:  3/3        EV:  9    Int:  4    God:    Trog [*****.]
Gold:   917        SH:  0    Dex: 11    Spells: 11/11 levels left

rFire    + . .     SeeInvis .   z - +4 glaive (antimagic)
rCold    + . .     Gourm    .   (shield currently unavailable)
rNeg     . . .     Faith    .   C - +0 plate armour
rPois    +         Spirit   .   (helmet restricted)
rElec    .         Reflect  .   y - +0 cloak
rCorr    .         Harm     .   b - +2 pair of gloves
MR       .....                  A - +0 pair of boots
Stlth    ..........             (no amulet)
HPRegen  0.29/turn              f - ring of protection from fire
MPRegen  0.08/turn              (no ring)

@: berserk cooldown, slowed, very slow
A: retaliatory headbutt, horns 2, cold resistance 1, poison resistance, robust
1, evolution 1
a: Berserk, Trog's Hand, Brothers in Arms, Burn Spellbooks, Renounce Religion


You were on level 12 of the Dungeon.
You worshipped Trog.
Trog was extremely pleased with you.
You were not hungry.

You visited 2 branches of the dungeon, and saw 14 of its levels.

You collected 917 gold pieces.

Inventory:

Hand Weapons
 z - a +4 antimagic glaive (weapon)
Armour
 b - a +2 pair of gloves (worn)
 o - a +0 large shield
 y - a +0 cloak (worn)
 A - a +0 pair of boots (worn)
 C - a +0 plate armour (worn)
Jewellery
 f - a ring of protection from fire (left hand)
Wands
 j - a wand of flame (14)
 l - a wand of polymorph (17)
 p - a wand of disintegration (26)
 s - a wand of iceblast (32)
 u - a wand of random effects (32)
 E - a wand of digging (6)
Scrolls
 d - 12 scrolls of teleportation
 e - 3 scrolls of fog
 q - 2 scrolls of magic mapping
 r - 2 scrolls of remove curse
Potions
 a - a potion of flight
 g - 3 potions of brilliance
 h - 2 potions of invisibility
 i - 2 potions of might
 k - a potion of agility
 m - 6 potions of heal wounds
 n - a potion of resistance
 t - 2 potions of lignification
 v - 3 potions of curing
 B - a potion of ambrosia
 D - 2 potions of haste {unknown}
 F - 2 potions of cancellation {unknown}
Comestibles
 c - 27 rations


   Skills:
 + Level 10.8 Fighting
   Level 2.8(8.7) Axes
 + Level 12.4(14.1) Polearms
   Level 11.2(13.4) Staves
 + Level 11.2 Armour
 + Level 4.5 Dodging
 + Level 2.5 Stealth
 + Level 5.5 Shields


You had 11 spell levels left.
You didn't know any spells.

Dungeon Overview and Level Annotations

Branches:
Dungeon (13/15)            Temple (1/1) D:6            Lair (0/6) D:11
    Orc (0/2) D:11
 Vaults: D:13-14

Altars:
Ashenzari
Cheibriados
Dithmenos
Elyvilon
Fedhas
Gozag
Hepliaklqana
Kikubaaqudgha
Makhleb
Nemelex Xobeh
Okawaru
Qazlal
Ru
Sif Muna
Trog
Uskayaw
Vehumet
Wu Jian
Xom
Yredelemnul
Zin
The Shining One

Annotations:
D:13 Azrael


Innate Abilities, Weirdness & Mutations

You reflexively headbutt those who attack you in melee.
You have a pair of horns on your head.
Your flesh is cold resistant. (rC+)
Your system is resistant to poisons. (rPois)
You are robust. (+10% HP)
You evolve.


Message History

The blast of flame misses you. The cyan ugly thing bites you.
* * * LOW HITPOINT WARNING * * *
The cyan ugly thing shocks you!
* * * LOW HITPOINT WARNING * * *
The hell hound bites you but does no damage.
The hell hound breathes flames at you. The blast of flame hits you! You resist.
* * * LOW HITPOINT WARNING * * *
The cyan ugly thing closely misses you. You furiously retaliate!
You headbutt the cyan ugly thing. The hell hound barely misses you.
The hell hound bites you but does no damage.
The crimson imp grins evilly.
You climb upwards.
There is a stone staircase leading down here.
Your two-headed ogre goes berserk!
You feel somewhat more hungry. The hell hound barely misses you.
The cyan ugly thing bites you.
* * * LOW HITPOINT WARNING * * *
The cyan ugly thing shocks you!
You die...

#......(((((.(####.###########..
#.......(..#### #.# #..
#####'###### #.# ### #.# #.# #.#
#.# #.# #<# #.# ######+####
####### #.# #.O....)..####......
#.#######(.@....)['..#......
######.#รท....'.uh......##.#......
.........#####........[##........
######.### #(........####......
#.# #.........# #####.# #.#
#.........# #.# #.# #####'#####
###.# #.# #.# #...# ###'####
###'##### #.###


You could see a cyan ugly thing, a hell hound and a friendly two-headed ogre
(berserk).

Vanquished Creatures
  Snorg (D:13)
  Erolcha (D:9)
  A two-headed ogre (D:12)
  Urug (D:11)
  Sonja (D:11)
  The ghost of Brecoman the Blocker, a novice FoFi of Qazlal (D:7)
  An unseen horror (D:10)
  An ugly thing (D:12)
  Joseph (D:7)
  2 gargoyles
  4 trolls
  A merfolk (D:10)
  2 hornets (D:12)
  5 hippogriffs
  A vampire (D:10)
  3 wyverns
  Eustachio (D:5)
  4 yaks
  A human (D:10)
  A hungry ghost (D:9)
  A water moccasin (D:6)
  A porcupine (D:11)
  3 ice beasts
  2 black bears (D:11)
  7 sky beasts
  4 orc warriors
  4 necrophages
  A phantom (D:4)
  6 ogres
  3 centaurs
  A crocodile (D:9)
  Blork the orc (D:4)
  2 big kobolds
  7 bullfrogs
  A wyvern zombie (D:10)
  4 scorpions
  14 killer bees
  3 wights (D:12)
  9 howler monkeys
  10 crimson imps
  5 centaur zombies
  6 hounds
  Crazy Yiuf (D:4)
  A gnoll shaman (D:10)
  6 orc priests
  3 bullfrog skeletons
  A centaur skeleton (D:5)
  2 iguanas
  7 orc wizards
  11 worker ants
  2 worker ant zombies (D:11)
  7 gnolls
  10 adders
  3 shadow imps
  An ooze (D:3)
  An ooze (shapeshifter) (D:5)
  An adder zombie (D:8)
  3 adder skeletons
  3 worms
  3 dart slugs
  8 leopard geckos
  56 orcs
  A ball python (D:5)
  9 bats
  4 giant cockroaches
  14 goblins
  10 hobgoblins
  13 jackals
  7 quokkas
  A frilled lizard (D:3)
  A jackal zombie (D:6)
  22 kobolds
  A leopard gecko skeleton (D:7)
  A leopard gecko zombie (D:5)
  8 rats
351 creatures vanquished.

Vanquished Creatures (collateral kills)
  A hydra (D:12)
  A gargoyle (D:12)
  An orc warrior (D:13)
  2 orc priests (D:13)
  An orc (D:13)
6 creatures vanquished.

Vanquished Creatures (others)
  An orc (D:7)
1 creature vanquished.

Grand Total: 358 creatures vanquished

Notes
Turn   | Place    | Note
-------+----------+-------------------------------------------
     0 | D:1      | Lentor the Minotaur Berserker began the quest for the Orb.
     0 | D:1      | Reached XP level 1. HP: 19/19 MP: 0/0
   189 | D:1      | Reached XP level 2. HP: 15/27 MP: 1/1
   400 | D:1      | Reached skill level 4 in Polearms
   841 | D:1      | Reached XP level 3. HP: 33/33 MP: 2/2
  1341 | D:2      | Reached ** piety under Trog
  1569 | D:2      | Reached XP level 4. HP: 36/41 MP: 3/3
  2322 | D:3      | Reached *** piety under Trog
  2333 | D:3      | Reached skill level 5 in Polearms
  2333 | D:3      | Reached XP level 5. HP: 46/47 MP: 4/4
  2558 | D:3      | Found a snail-covered altar of Cheibriados.
  3453 | D:3      | Reached skill level 1 in Stealth
  3525 | D:4      | Noticed an ogre
  3535 | D:4      | Killed an ogre
  3535 | D:4      | Reached skill level 1 in Shields
  3857 | D:4      | Reached XP level 6. HP: 55/55 MP: 5/5
  3931 | D:4      | Noticed Blork the orc
  3935 | D:4      | Reached skill level 1 in Axes
  3941 | D:4      | Killed Blork the orc
  3941 | D:4      | Reached skill level 5 in Fighting
  4274 | D:4      | Reached XP level 7. HP: 61/61 MP: 6/6
  4436 | D:4      | Found a blossoming altar of Fedhas.
  4436 | D:4      | Found a deep blue altar of Sif Muna.
  4529 | D:4      | Found a runed door.
  4533 | D:4      | Noticed Crazy Yiuf
  4539 | D:4      | Killed Crazy Yiuf
  4850 | D:5      | Entered Level 5 of the Dungeon
  4870 | D:5      | Reached **** piety under Trog
  4962 | D:5      | Gained mutation: Your flesh is heat resistant. (rF+) [potion of mutation]
  4962 | D:5      | Gained mutation: You are resistant to hostile enchantments. (MR+) [potion of mutation]
  4963 | D:5      | Lost mutation: You are resistant to hostile enchantments. (MR+) [potion of mutation]
  4963 | D:5      | Lost mutation: Your flesh is heat resistant. (rF+) [potion of mutation]
  4963 | D:5      | Gained mutation: You are covered in fur. (AC +1) [potion of mutation]
  4963 | D:5      | Gained mutation: You are agile. (Dex +2) [potion of mutation]
  4983 | D:5      | Lost mutation: You are agile. (Dex +2) [potion of mutation]
  4983 | D:5      | Lost mutation: You are covered in fur. (AC +1) [potion of mutation]
  4983 | D:5      | Gained mutation: Your system is resistant to poisons. (rPois) [potion of mutation]
  4983 | D:5      | Gained mutation: You are agile. (Dex +2) [potion of mutation]
  4983 | D:5      | Gained mutation: You have a pair of large horns on your head. [potion of mutation]
  5107 | D:5      | Noticed Eustachio
  5118 | D:5      | Killed Eustachio
  5118 | D:5      | Reached skill level 1 in Staves
  5182 | D:5      | Found an iron altar of Okawaru.
  5195 | D:5      | Reached skill level 5 in Shields
  5195 | D:5      | Reached XP level 8. HP: 62/70 MP: 7/7
  5294 | D:5      | Found a white marble altar of Elyvilon.
  5590 | D:6      | Reached skill level 5 in Armour
  5825 | D:6      | Found a staircase to the Ecumenical Temple.
  5835 | Temple   | Entered the Ecumenical Temple
  6392 | D:7      | Noticed Joseph
  6412 | D:7      | Killed Joseph
  6412 | D:7      | Reached skill level 5 in Staves
  6412 | D:7      | Reached XP level 9. HP: 31/79 MP: 8/8
  6817 | D:7      | Noticed Brecoman's ghost (novice FoFi)
  6828 | D:7      | Killed Brecoman's ghost
  7490 | D:8      | Reached ***** piety under Trog
  7662 | D:8      | Reached XP level 10. HP: 84/88 MP: 9/9
  8265 | D:9      | Reached skill level 10 in Staves
  8423 | D:9      | Noticed Erolcha
  8424 | D:9      | Received a gift from Trog
  8424 | D:9      | Paralysed by Erolcha for 3 turns
  8432 | D:9      | Killed Erolcha
  8764 | D:10     | Entered Level 10 of the Dungeon
  8781 | D:10     | Reached skill level 6 in Polearms
  9341 | D:10     | Reached skill level 7 in Polearms
  9770 | D:10     | Killed an unseen horror
  9770 | D:10     | Reached skill level 10 in Armour
  9770 | D:10     | Reached XP level 11. HP: 72/97 MP: 3/10
 10261 | D:10     | Reached skill level 8 in Polearms
 10812 | D:11     | Reached skill level 9 in Polearms
 10953 | D:11     | Noticed Urug
 10975 | D:11     | Killed Urug
 10975 | D:11     | Reached skill level 10 in Fighting
 11234 | D:11     | Noticed Sonja
 11244 | D:11     | Killed Sonja
 11244 | D:11     | Reached skill level 10 in Polearms
 11261 | D:11     | Received a gift from Trog
 11436 | D:11     | Found a staircase to the Orcish Mines.
 11536 | D:11     | Found a staircase to the Lair.
 11890 | D:12     | Noticed a six-headed hydra
 11895 | D:12     | Killed a seven-headed hydra
 11897 | D:12     | Reached skill level 11 in Polearms
 12097 | D:12     | Noticed a two-headed ogre
 12102 | D:12     | Killed a two-headed ogre
 12256 | D:12     | Noticed a red ugly thing
 12262 | D:12     | Killed a red ugly thing
 12262 | D:12     | Reached XP level 12. HP: 85/108 MP: 3/11
 12675 | D:7      | Lost mutation: You have a pair of large horns on your head. [potion of mutation]
 12675 | D:7      | Lost mutation: You are agile. (Dex +2) [potion of mutation]
 12675 | D:7      | Gained mutation: You evolve. [potion of mutation]
 12675 | D:7      | Gained mutation: Your flesh is cold resistant. (rC+) [potion of mutation]
 12675 | D:7      | Gained mutation: You are robust. (+10% HP) [potion of mutation]
 12813 | D:13     | Noticed Snorg
 12813 | D:13     | Reached skill level 12 in Polearms
 12824 | D:13     | Killed Snorg
 12833 | D:13     | Noticed Azrael
 12843 | D:12     | Slain by a cyan ugly thing

Skill      XL: |  1  2  3  4  5  6  7  8  9 10 11 12 |
---------------+-------------------------------------+-----
Fighting       | 4 5 6 7 8 9 10 | 10.8
Polearms       | 4 5 7 11 12 | 12.4
Dodging        | 3 4 |  4.5
Stealth        | 1 2 |  2.5
Armour         | 3 4 6 8 10 11 | 11.2
Shields        | 1 3 5 |  5.5
Axes           | 2 |  2.8
Staves         | 1 5 9 11 | 11.2

Action                   |  1- 3 |  4- 6 |  7- 9 | 10-12 || total
-------------------------+-------+-------+-------+-------++-------
Melee: Spear             |   104 |   153 |       |       ||   257
       Headbutt          |     8 |    32 |    37 |    69 ||   146
       War axe           |       |    46 |     8 |       ||    54
       Quarterstaff      |       |       |   192 |    63 ||   255
       Glaive            |       |       |       |   327 ||   327
Invok: Berserk           |       |     1 |     2 |     6 ||     9
       Burn Spellbooks   |       |       |       |     2 ||     2
       Brothers in Arms  |       |       |       |     3 ||     3
  Use: Scroll            |       |       |    15 |    11 ||    26
       Potion            |       |       |     3 |     1 ||     4
 Stab: Sleeping          |     1 |     1 |       |       ||     2
       Confused          |       |       |     1 |       ||     1
  Eat: Chunk             |     2 |     9 |     6 |    11 ||    28
       Ration            |       |       |     2 |     4 ||     6
Armor: Animal skin       |    12 |     5 |       |       ||    17
       Chain mail        |       |    50 |   110 |    51 ||   211
       Plate armour      |       |       |       |   289 ||   289
Dodge: Dodged            |    44 |    34 |    90 |   179 ||   347
Block: Large shield      |       |    86 |     3 |       ||    89
